 Dungeon Crawl Stone Soup version 0.30.1-3-gfc49f6343a (webtiles) character file.

Game seed: 2611948041197312745

539 MartinW the Grasshopper (level 7, 0/56 HPs)
             Began as a Gnoll Warper on July 22, 2023.
             Slain by a kobold brigand
             ... wielding a +2 dagger of venom
              (4 damage)
             ... on level 3 of the Dungeon.
             The game lasted 00:08:17 (3569 turns).

MartinW the Grasshopper (Gnoll Warper)              Turns: 3569, Time: 00:08:18

Health: 0/56       AC:  4    Str: 12    XL:     7   Next: 26%
Magic:  2/15       EV: 13    Int: 12    God:
Gold:   165        SH:  0    Dex: 12    Spells: 4/17 levels left

rFire   . . .        a - +0 spear
rCold   . . .        (no shield)
rNeg    . . .        b - +0 leather armour
rPois   .            (no helmet)
rElec   .            q - +0 cloak
rCorr   .            (no gloves)
SInv    .            (no boots)
Will    .....        (no amulet)
Stlth   ++           l - ring of wizardry
HPRegen 0.29/turn    (no ring)
MPRegen 0.14/turn

%: wizardry (x1)
@: lethally poisoned (0 -> -10)
A: fangs 1, strong nose, distributed training
a: no special abilities


You were on level 3 of the Dungeon.
You visited 1 branch of the dungeon, and saw 3 of its levels.

You collected 165 gold pieces.

Inventory:

Hand Weapons
 a - a +0 spear (weapon)
 h - a +0 scythe
Missiles
 d - 5 boomerangs of dispersal (quivered)
 k - 4 poisoned darts
 m - 3 javelins
Armour
 b - a +0 leather armour (worn)
 q - a +0 cloak (worn)
Jewellery
 l - a ring of wizardry (left hand)
Scrolls
 c - 5 scrolls of blinking
 r - a scroll of identify
Potions
 f - a potion of curing
 g - a potion of ambrosia
 i - a potion of mutation
 j - 2 potions of heal wounds
 n - a potion of haste {unknown}
 o - a potion of resistance {unknown}
 p - a potion of might {unknown}


   Skills:
 + Level 5.2 Fighting
 + Level 2.5 Short Blades
 + Level 2.5 Long Blades
 + Level 2.5 Axes
 + Level 2.5 Maces & Flails
 + Level 5.2 Polearms
 + Level 2.5 Staves
 + Level 2.5 Ranged Weapons
 + Level 3.6 Throwing
 + Level 3.6 Armour
 + Level 5.2 Dodging
 + Level 2.5 Stealth
 + Level 2.5 Shields
 + Level 2.5 Unarmed Combat
 + Level 5.6 Spellcasting
 + Level 2.0 Conjurations
 + Level 2.0 Hexes
 + Level 2.0 Summonings
 + Level 2.0 Necromancy
 + Level 5.8 Translocations
 + Level 2.0 Transmutations
 + Level 2.0 Fire Magic
 + Level 2.0 Ice Magic
 + Level 2.0 Air Magic
 + Level 2.0 Earth Magic
 + Level 2.0 Poison Magic
 + Level 2.7 Invocations
 + Level 2.5 Evocations


You had 4 spell levels left.
You knew the following spells:

 Your Spells              Type           Power      Damage    Failure   Level
a - Blink                 Tloc           34%        N/A       1%          2
b - Lesser Beckoning      Tloc           34%        N/A       1%          2
c - Teleport Other        Tloc           17%        N/A       2%          3
d - Vhi's Electric Charg  Tloc/Air       24%        N/A       6%          3
e - Tukima's Dance        Hex            8%         N/A       12%         3

Your spell library contained the following spells:

 Spells                   Type           Power      Damage    Failure   Level
 Portal Projectile        Hex/Tloc       24%        N/A       6%          3
 Manifold Assault         Tloc           17%        N/A       9%          4
 Blade Hands              Tmut           4%         N/A       71%         5


Dungeon Overview and Level Annotations

Branches:
Dungeon (3/15)

Altars:
Makhleb

Annotations:
D:2 1 runed translucent door, Crazy Yiuf


Innate Abilities, Weirdness & Mutations

You have very sharp teeth.
Your uncanny sense of smell can sniff out nearby items.
Your experience applies equally to all skills.


Message History

You are more poisoned.
You barely miss the kobold brigand.
The kobold brigand is severely wounded.
You feel very sick.
The kobold brigand hits you with a +2 dagger of venom.
You are more poisoned.
You closely miss the kobold brigand.
The kobold brigand is severely wounded.
You feel very sick. The kobold brigand closely misses you.
You barely miss the kobold brigand.
The kobold brigand is severely wounded.
You feel very sick. The kobold brigand barely misses you.
Your magical contamination has completely faded away.
You barely miss the kobold brigand. Your bite misses the kobold brigand.
The kobold brigand is severely wounded.
You feel very sick.
The kobold brigand hits you with a +2 dagger of venom.
You barely miss the kobold brigand.
The kobold brigand is severely wounded.
You feel sick.
The kobold brigand hits you with a +2 dagger of venom.
You hit the kobold brigand but do no damage.
The kobold brigand is severely wounded.
You feel sick.
The kobold brigand hits you with a +2 dagger of venom.
* * * LOW HITPOINT WARNING * * *
You are lethally poisoned!
You hit the kobold brigand.
The kobold brigand is almost dead.
* * * LOW HITPOINT WARNING * * *
You feel very sick.
You hit the kobold brigand but do no damage.
Your bite misses the kobold brigand.
The kobold brigand is almost dead.
* * * LOW HITPOINT WARNING * * *
You feel very sick.
The kobold brigand hits you with a +2 dagger of venom.
You die...

##### #.# ....### #.#
.....K###### ∆∆ #.#
####.K.K...###.. ∆∆##.########
≈≈≈###.......... ###.........#
~≈~≈~######...#####...........#
~~~~~~(...#####.....##........###
~~~##...#..^.(..######...........
...............K@..............##
#.##..###############).....(.....
#....## #..####.####. #>####
#..##.....##. ### #..#.......#.
#..#.......#.
########......_.....
#..†......#.......#.
#.#####.#.#....)..#.


You could see a kobold brigand.

Vanquished Creatures
  Grinder (D:3)
  Sigmund (D:3)
  Jessica (D:3)
  An orc wizard (D:3)
  5 adders
  A worm (D:3)
  3 dart slugs
  4 orcs (D:3)
  5 bats
  3 endoplasms (D:1)
  4 giant cockroaches
  9 hobgoblins
  11 kobolds
  4 quokkas
  5 ball pythons
  4 frilled lizards
  6 goblins
  7 rats
75 creatures vanquished.

Vanquished Creatures (others)
  A dancing weapon (D:3)
1 creature vanquished.

Grand Total: 76 creatures vanquished

Notes
Turn   | Place    | Note
-------+----------+-------------------------------------------
     0 | D:1      | MartinW the Gnoll Warper began the quest for the Orb.
     0 | D:1      | Reached XP level 1. HP: 20/20 MP: 6/6
   127 | D:1      | Reached XP level 2. HP: 26/26 MP: 7/7
   130 | D:1      | Learned a level 2 spell: Blink
   155 | D:1      | Learned a level 2 spell: Lesser Beckoning
   465 | D:1      | Reached skill level 5 in Spellcasting
   465 | D:1      | Reached XP level 3. HP: 31/31 MP: 7/9
   844 | D:1      | Learned a level 3 spell: Teleport Other
   848 | D:1      | Learned a level 3 spell: Vhi's Electric Charge
   986 | D:2      | Reached skill level 1 in Invocations
  1085 | D:2      | Found a runed translucent door.
  1086 | D:2      | Noticed Crazy Yiuf
  1111 | D:2      | Reached skill level 1 in Short Blades
  1111 | D:2      | Reached skill level 1 in Long Blades
  1111 | D:2      | Reached skill level 1 in Axes
  1111 | D:2      | Reached skill level 1 in Maces & Flails
  1111 | D:2      | Reached skill level 1 in Staves
  1111 | D:2      | Reached skill level 1 in Ranged Weapons
  1111 | D:2      | Reached skill level 1 in Stealth
  1111 | D:2      | Reached skill level 1 in Shields
  1111 | D:2      | Reached skill level 1 in Unarmed Combat
  1111 | D:2      | Reached skill level 1 in Evocations
  1306 | D:2      | Reached XP level 4. HP: 36/38 MP: 11/11
  1922 | D:3      | Reached skill level 1 in Conjurations
  1922 | D:3      | Reached skill level 1 in Hexes
  1922 | D:3      | Reached skill level 1 in Summonings
  1922 | D:3      | Reached skill level 1 in Necromancy
  1922 | D:3      | Reached skill level 1 in Transmutations
  1922 | D:3      | Reached skill level 1 in Fire Magic
  1922 | D:3      | Reached skill level 1 in Ice Magic
  1922 | D:3      | Reached skill level 1 in Air Magic
  1922 | D:3      | Reached skill level 1 in Earth Magic
  1922 | D:3      | Reached skill level 1 in Poison Magic
  1989 | D:3      | Found a burning altar of Makhleb.
  2050 | D:3      | Noticed Sigmund
  2251 | D:3      | Reached XP level 5. HP: 19/43 MP: 12/12
  2359 | D:3      | Learned a level 3 spell: Tukima's Dance
  2584 | D:3      | Noticed Grinder
  2590 | D:3      | Paralysed by Grinder for 2 turns
  2764 | D:3      | Noticed Jessica
  2794 | D:3      | Killed Jessica
  3081 | D:3      | Killed Sigmund
  3082 | D:3      | Reached skill level 5 in Fighting
  3082 | D:3      | Reached skill level 5 in Polearms
  3082 | D:3      | Reached skill level 5 in Dodging
  3082 | D:3      | Reached XP level 6. HP: 51/51 MP: 9/14
  3329 | D:3      | Killed Grinder
  3330 | D:3      | Reached XP level 7. HP: 31/56 MP: 7/15
  3569 | D:3      | Slain by a kobold brigand

Illustrated notes

Levels and vault maps discovered:
D:1:      minmay_arrival_jagged, layout_loops_ring
D:2:      layout_basic, uniq_crazy_yiuf_cottage
D:3:      cheibrodos_thug_alley, layout_basic, old_standard_altar, uniq_jessica,
          uniq_sigmund, uniq_grinder

Skill      XL: |  1  2  3  4  5  6 |
---------------+-------------------+-----
Spellcasting   | 5 |  5.6
Invocations    | 1 2 |  2.7
Short Blades   | 1 2 |  2.5
Long Blades    | 1 2 |  2.5
Axes           | 1 2 |  2.5
Maces & Flails | 1 2 |  2.5
Staves         | 1 2 |  2.5
Ranged Weapons | 1 2 |  2.5
Stealth        | 1 2 |  2.5
Shields        | 1 2 |  2.5
Unarmed Combat | 1 2 |  2.5
Evocations     | 1 2 |  2.5
Conjurations   | 1 2 |  2.0
Hexes          | 1 2 |  2.0
Summonings     | 1 2 |  2.0
Necromancy     | 1 2 |  2.0
Transmutations | 1 2 |  2.0
Fire Magic     | 1 2 |  2.0
Ice Magic      | 1 2 |  2.0
Air Magic      | 1 2 |  2.0
Earth Magic    | 1 2 |  2.0
Poison Magic   | 1 2 |  2.0
Throwing       | 3 |  3.6
Armour         | 3 |  3.6
Fighting       | 5 |  5.2
Polearms       | 5 |  5.2
Dodging        | 5 |  5.2
Translocations | |  5.8

Action                     |  1- 3 |  4- 6 |  7- 9 || total
---------------------------+-------+-------+-------++-------
  Melee: Spear             |   137 |   237 |    12 ||   386
         Bite              |     7 |    13 |       ||    20
         Punch             |       |     6 |       ||     6
  Throw: Boomerang         |       |     2 |       ||     2
         Dart              |       |       |     2 ||     2
   Cast: Vhi's Electric Ch |     2 |     3 |       ||     5
         Tukima's Dance    |       |     2 |     4 ||     6
         Blink             |       |     2 |       ||     2
         Teleport Other    |       |     1 |       ||     1
    Use: Scroll            |     4 |     3 |       ||     7
         Potion            |       |     2 |     1 ||     3
   Stab: Sleeping          |     3 |     3 |       ||     6
 Armour: Leather armour    |    25 |    27 |     1 ||    53
         Skin              |       |    13 |       ||    13
  Dodge: Dodged            |    47 |    76 |     4 ||   127
